Map: [ESL] Gresvan

Players

Serral - Winner!

  • Race: Zerg Zerg
  • Spawn Location: 5:00

GunGFuBanDa

  • Race: Protoss Protoss
  • Spawn Location: 11:00

Event: ESL SC2 Masters 2023 Summer (Regionals)

VOD

Have the link to the VOD?

Description

Time

  • Played on: May 17, 2023, 10:39 a.m.
  • Length: 8:47

All games in this series

Show
View Real Time Build Order
Export as new Build Order

Serral Zerg - Winner!

Build Orders: Hatch First 

Get SALT Encoding   

  12  0:00  Drone  
  13  0:12  Overlord  
  13  0:16  Drone  
  14  0:30  Drone x2  
  16  0:47  Hatchery  
  15  0:51  Drone  
  15  0:55  Drone  
  17  0:57  Drone  
  18  1:08  Extractor  
  17  1:13  Spawning Pool  
  17  1:16  Drone  
  17  1:20  Drone  
  18  1:27  Drone  
  19  1:39  Drone  
  20  1:48  Overlord  
  20  1:59  Queen  
  20  2:00  Queen  
  24  2:01  Zergling x4  
  26  2:10  Drone  
  26  2:11  Drone  
  26  2:12  Metabolic Boost  
  28  2:21  Drone x2  
  30  2:33  Hatchery  
  29  2:37  Drone  
  29  2:39  Drone  
  29  2:43  Overlord  
  31  2:48  Queen  
  33  2:51  Drone  
  33  2:55  Drone  
  33  2:57  Drone  
  36  3:03  Overlord  
  36  3:07  Drone  
  36  3:08  Queen  
  39  3:12  Drone  
  39  3:13  Drone  
  39  3:15  Drone  
  39  3:16  Drone  
  42  3:21  Drone  
  42  3:24  Queen  
  45  3:27  Drone  
  45  3:31  Drone  
  47  3:35  Overlord  
  47  3:40  Drone x3  
  50  3:45  Roach Warren  
  50  3:46  Queen  
  51  3:50  Drone  
  51  3:53  Drone x2  
  54  3:56  Overlord  
  54  4:00  Zergling x4  
  56  4:03  Zergling x4  
  56  4:04  Zergling x2  
  59  4:11  Zergling x6  
  59  4:12  Spore Crawler  
  61  4:20  Spore Crawler, Zergling x6  
  61  4:22  Overlord  
  63  4:27  Lair  
  63  4:30  Drone x3  
  65  4:38  Drone x3  
  68  4:39  Drone  
  68  4:41  Drone  
  68  4:44  Zergling x6  
  68  4:45  Zergling x4  
  74  4:47  Overlord  
  74  4:51  Roach  
  76  4:55  Extractor x2  
  76  4:58  Roach x2  
  76  4:59  Roach  
  80  5:06  Drone x3  
  83  5:08  Drone x3  
  86  5:14  Overlord, Evolution Chamber  
  86  5:19  Drone x2  
  86  5:20  Drone x2  
  89  5:21  Overlord  
  89  5:25  Glial Reconstitution  
  89  5:27  Overlord x2  
  89  5:31  Overseer  
  89  5:35  Extractor, Drone x4  
  92  5:37  Drone  
  93  5:43  Hatchery  
  93  5:45  Zerg Melee Weapons Level 1  
  93  5:48  Drone x2  
  93  5:49  Drone  
  96  5:50  Drone  
  96  5:52  Drone x2  
  96  5:56  Extractor  
  97  5:57  Drone, Baneling Nest  
  97  5:58  Drone  
  97  6:01  Extractor, Drone x2  
  97  6:02  Drone  
  100  6:05  Drone  
  100  6:06  Drone, Overseer  
  100  6:09  Roach x2  
  106  6:11  Overlord  
  106  6:14  Roach  
  106  6:15  Roach  
  110  6:18  Overlord  
  110  6:21  Roach  
  116  6:25  Roach x2  
  116  6:26  Roach x2  
  120  6:35  Roach x5  
  120  6:39  Drone x5  
  135  6:42  Centrifugal Hooks  
  135  6:48  Ravager x2  
  135  6:49  Ravager  
  135  6:53  Overlord x3  
  138  7:00  Zergling x4  
  139  7:03  Zergling x10  
  139  7:04  Overseer  
  143  7:12  Overlord  
  143  7:13  Roach  
  143  7:14  Roach x2, Zergling x6  
  152  7:21  Zergling x2  
  152  7:22  Zergling x2  
  153  7:24  Zergling x4  
  153  7:28  Queen  
  155  7:31  Overlord  
  155  7:33  Zergling x8  
  155  7:34  Zergling x10  
  164  7:41  Drone  
  164  7:43  Zergling x6  
  168  7:46  Baneling x10  
  168  7:47  Overlord  
  167  7:53  Overlord  
  165  7:59  Infestation Pit  
  165  8:00  Zergling x18  
  165  8:01  Zergling x8  
  165  8:04  Baneling  
  174  8:08  Baneling x7  
  174  8:09  Baneling x18  
  174  8:15  Zergling x12  
  174  8:17  Baneling x4  
  180  8:23  Drone  
Show
View Real Time Build Order
Export as new Build Order

GunGFuBanDa Protoss 

Build Orders: 1 Gate Expand 

Get SALT Encoding   

  12  0:00  Probe  
  13  0:13  Probe  
  14  0:18  Pylon  
  14  0:27  Probe (Chrono Boost)  
  15  0:39  Probe (Chrono Boost)  
  15  0:40  Gateway  
  16  0:48  Probe (Chrono Boost)  
  16  0:49  Assimilator  
  17  0:53  Probe  
  18  1:06  Probe  
  19  1:18  Probe  
  20  1:29  Nexus  
  20  1:37  Cybernetics Core  
  20  1:39  Probe  
  21  1:47  Assimilator  
  21  1:51  Probe  
  22  1:55  Pylon  
  22  2:03  Probe  
  23  2:11  Adept (Chrono Boost)  
  23  2:15  Probe (Chrono Boost)  
  26  2:17  Warp Gate  
  26  2:26  Probe (Chrono Boost)  
  27  2:31  Probe (Chrono Boost)  
  27  2:33  Twilight Council  
  27  2:35  Stalker  
  30  2:41  Probe (Chrono Boost)  
  32  2:47  Probe (Chrono Boost)  
  32  2:51  Probe (Chrono Boost)  
  33  2:55  Probe (Chrono Boost)  
  33  2:56  Probe (Chrono Boost)  
  35  3:05  Probe  
  35  3:08  Adept  
  35  3:10  Probe, Gateway  
  39  3:13  Resonating Glaives (Chrono Boost)  
  39  3:21  Robotics Facility  
  39  3:24  Gateway  
  39  3:30  Gateway  
  39  3:32  Probe  
  40  3:35  Probe  
  40  3:40  Pylon  
  41  3:47  Probe  
  41  3:48  Probe  
  43  4:00  Probe  
  43  4:01  Pylon  
  44  4:06  Adept x2  
  44  4:09  Observer  
  49  4:10  Probe  
  49  4:14  Nexus  
  49  4:16  Probe  
  51  4:21  Adept  
  53  4:28  Adept x3  
  59  4:37  Shield Battery  
  59  4:39  Pylon  
  59  4:40  Probe x2  
  59  4:42  Assimilator  
  61  4:52  Probe  
  62  4:57  Probe  
  61  5:08  Probe (Chrono Boost)  
  61  5:09  Probe (Chrono Boost)  
  63  5:18  Probe (Chrono Boost)  
  63  5:19  Probe (Chrono Boost)  
  63  5:20  Gateway, Forge  
  65  5:22  Sentry x2  
  65  5:23  Probe (Chrono Boost)  
  65  5:24  Probe (Chrono Boost)  
  65  5:27  Probe (Chrono Boost)  
  72  5:29  Gateway  
  72  5:30  Robotics Bay, Sentry  
  75  5:38  Probe (Chrono Boost)  
  75  5:39  Probe (Chrono Boost)  
  75  5:40  Probe (Chrono Boost)  
  75  5:41  Assimilator  
  77  5:45  Pylon  
  77  5:46  Stalker x2  
  77  5:48  Probe (Chrono Boost)  
  77  5:49  Probe (Chrono Boost)  
  84  5:50  Probe (Chrono Boost)  
  84  5:53  Probe, Blink (Chrono Boost)  
  85  6:00  Gateway, Protoss Ground Weapons Level 1 (Chrono Boost)  
  85  6:02  Assimilator  
  85  6:03  Probe x2  
  85  6:04  Gateway  
  87  6:05  Probe  
  87  6:10  Pylon  
  88  6:13  Pylon  
  88  6:17  Probe x3  
  91  6:19  Assimilator  
  91  6:20  Observer  
  91  6:27  Stalker  
  91  6:30  Pylon  
  91  6:31  Disruptor  
  91  6:32  Pylon  
  96  6:34  Probe, Photon Cannon  
  96  6:35  Probe x2  
  99  6:43  Stalker  
  99  6:44  Stalker x2  
  99  6:47  Probe  
  106  6:51  Pylon  
  106  6:52  Pylon  
  106  6:56  Pylon  
  106  6:59  Stalker x4  
  114  7:07  Disruptor (Chrono Boost)  
  113  7:28  Stalker x8  
  129  7:54  Nexus  
  129  7:58  Adept x4  
  137  8:03  Shield Battery  
  137  8:12  Disruptor (Chrono Boost)  
  137  8:13  Stalker x4  
  137  8:17  Probe  
  149  8:20  Gateway  
  149  8:22  Gateway  
  149  8:26  Photon Cannon  
  107  8:42  Stalker x8  
Tags
 
Add a new tag
Caveats
  • Supply blocks, unpowered buildings, or Contaminate may cause inaccurate times.
  • Supply counts are checked every 10 seconds.